 Dungeon Crawl Stone Soup version 0.23-a0-85-g22930c1 (webtiles) character file.

5 Amnesiac the Magician (level 1, 12/16 HPs)
             Began as a Mummy Wanderer on Aug 14, 2018.
             Quit the game on level 1 of the Dungeon.
             The game lasted 00:00:35 (284 turns).

Amnesiac the Magician (Mummy Wanderer)               Turns: 284, Time: 00:00:35

Health: 12/16      AC:  5    Str: 16    XL:     1   Next: 66%
Magic:  3/3        EV: 10    Int: 13    God:
Gold:   0          SH:  0    Dex:  8    Spells: 4/4 levels left

rFire    x . .     SeeInvis .   d - +0 club
rCold    + . .     Gourm    .   (no shield)
rNeg     + + +     Faith    .   b - +0 ring mail
rPois    ∞         Spirit   .   (no helmet)
rElec    .         Reflect  .   (no cloak)
rCorr    .         Harm     .   (no gloves)
MR       .....                  (no boots)
Stlth    ..........             (no amulet)
HPRegen  0.05/turn              (no ring)
MPRegen  0.08/turn              (no ring)

@: no status effects
A: no food or potions, fire vulnerability, cold resistance 1, negative energy
resistance 3, torment resistance, unbreathing
a: no special abilities


You were on level 1 of the Dungeon.
You were not hungry.

You visited 1 branch of the dungeon, and saw 1 of its levels.

Inventory:

Hand Weapons
 d - a +0 club (weapon)
Armour
 b - a +0 ring mail (worn)
Wands
 a - a wand of enslavement (15)


   Skills:
 - Level 2.0 Fighting
 - Level 1.0 Armour
 + Level 2.3 Spellcasting
   Level 1.5 Conjurations
   Level 1.5 Ice Magic
 - Level 1.5 Evocations


You had 4 spell levels left.
You didn't know any spells.
Your spell library contained the following spells:

 Spells                   Type           Power        Failure   Level  Hunger
 Throw Flame              Conj/Fire      #.....       45%         2    N/A
 Searing Ray              Conj           #.....       36%         2    N/A

Dungeon Overview and Level Annotations

Branches:
Dungeon (1/15)

Altars:


Innate Abilities, Weirdness & Mutations

You do not eat or drink.
Your flesh is vulnerable to fire.
You are immune to poison.
Your flesh is cold resistant. (rC+)
You are immune to negative energy. (rN+++)
You are immune to unholy pain and torment.
You can survive without breathing.


Message History

You hit the hobgoblin.
The hobgoblin is heavily wounded.
The hobgoblin hits you but does no damage.
Wear which item? (? for menu, Esc to quit)
Okay, then.
You hit the hobgoblin.
You kill the hobgoblin!
You hit the hobgoblin.
The hobgoblin is almost dead.
The hobgoblin hits you but does no damage.
The hobgoblin hits you with a club.
* * * LOW HITPOINT WARNING * * *
You hit the hobgoblin.
You kill the hobgoblin!
Your Spellcasting skill increases to level 2!
Things that are here:
a club x2; a hobgoblin corpse
Things that are here:
a club x2; a hobgoblin corpse You start resting.
Magic restored.
You start resting.
HP restored.
You start resting.
HP restored.
Things that are here:
a club x2; a hobgoblin skeleton
There is an open door here.
Found 16 stones.
A kobold comes into view. It is wielding a dagger.
The kobold throws a stone.
The stone barely misses you.
A kobold is nearby!
A frilled lizard comes into view.
The frilled lizard hisses angrily.
Found 8 poisoned needles.
The kobold closely misses you.
You closely miss the kobold. The kobold hits you with a dagger.
You hit the kobold.
You kill the kobold!
You hit the frilled lizard.
The frilled lizard is heavily wounded.
The frilled lizard closely misses you.
You hit the frilled lizard but do no damage.
The frilled lizard is heavily wounded.
The frilled lizard bites you but does no damage.
The frilled lizard barely misses you.
You hit the frilled lizard.
You kill the frilled lizard!
Things that are here:
a dagger; a kobold corpse You see here 16 stones.
Found a stone staircase leading down.
Found a ration.
A kobold comes into view.
The kobold shouts!
The kobold throws a stone.
The stone misses you.
Found 6 stones.
You barely miss the kobold. The kobold barely misses you.
The kobold closely misses you.
You closely miss the kobold. The kobold hits you.
You hit the kobold.
You kill the kobold!
No target in view!
Are you sure you want to abandon this character and quit the game? (Confirm with "yes".)

.######.(.....#
......)......########
#########.#..........
#.#...###### #.#.#.##
#...#..# ###.#..##
#.#...#######
#.#%.>@(....#
#.#.#.#......#
###.#.###..# ..... #
#.##... #. .... #.
..### #. ...


There were no monsters in sight!

Vanquished Creatures
  2 hobgoblins (D:1)
  A frilled lizard (D:1)
  2 kobolds (D:1)
  A rat (D:1)
6 creatures vanquished.

Notes
Turn   | Place    | Note
-------+----------+-------------------------------------------
     0 | D:1      | Amnesiac the Mummy Wanderer began the quest for the Orb.
     0 | D:1      | Amnesiac set off with: a wand of enslavement (15), a +0 ring mail, a +0 club
     0 | D:1      | Reached XP level 1. HP: 16/16 MP: 2/2
   284 | D:1      | Quit the game

Vault maps used:
D:1:      matt_arrival_grand_opening

Skill      XL: |  1 |
---------------+----+-----
Spellcasting   | 2 |  2.3
Fighting       | |  2.0
Armour         | |  1.0
Conjurations   | |  1.5
Ice Magic      | |  1.5
Evocations     | |  1.5

Action                   || total
-------------------------++-------
Melee: Club              ||    25
Armor: Ring mail         ||    10
Dodge: Dodged            ||    17

Table legend:
 A = Non-vault XP
 B = Vault XP
 C = Vault XP percentage of total XP
 D = Non-vault monster count
 E = Vault monster count
 F = Vault count percentage of total count
 G = Total turns spent on level
                 A         B        C        D         E       F
            +---------+---------+-------+---------+---------+-------
      Total |       8 |       0 |   0.0 |       6 |       0 |   0.0
            +---------+---------+-------+---------+---------+-------
        D:1 |       8 |       0 |   0.0 |       6 |       0 |   0.0
            +---------+---------+-------+---------+---------+-------
